 Dungeon Crawl Stone Soup version 0.24-a0-439-g6dd8730de2 (webtiles) character file.

Game seed: 9948399889666670865

182 nikopol the Firebug (level 5, 0/28 HPs)
             Began as a Deep Elf Fire Elementalist on June 17, 2019.
             Splashed by Ijyb's acid (7 damage)
             ... on level 3 of the Dungeon.
             The game lasted 00:04:40 (2073 turns).

nikopol the Firebug (Deep Elf Fire Elementalist)    Turns: 2073, Time: 00:04:41

Health: 0/28       AC:  2    Str:  5    XL:     5   Next: 35%
Magic:  9/14       EV: 13    Int: 21    God:
Gold:   78         SH:  0    Dex: 15    Spells: 7/13 levels left

rFire    . . .     SeeInvis .   e - +0 dagger
rCold    . . .     Gourm    .   (no shield)
rNeg     + . .     Faith    .   a - +0 robe
rPois    .         Spirit   .   (no helmet)
rElec    .         Reflect  .   (no cloak)
rCorr    +         Harm     .   (no gloves)
MR       .....                  (no boots)
Stlth    ++........             (no amulet)
HPRegen  0.09/turn              b - ring of resist corrosion
MPRegen  0.14/turn              s - ring of positive energy

@: lethally poisoned (0 -> -2)
A: no striking features
a: no special abilities


You were on level 3 of the Dungeon.
You were not hungry.

You visited 1 branch of the dungeon, and saw 3 of its levels.

You collected 78 gold pieces.

Inventory:

Hand Weapons
 e - a +0 dagger (weapon)
Armour
 a - a +0 robe (worn)
Jewellery
 b - a ring of resist corrosion (left hand)
 s - a ring of positive energy (right hand)
 u - an uncursed amulet of the acrobat
Scrolls
 d - 2 scrolls of identify {unknown}
 h - 4 scrolls of teleportation {unknown}
 k - a scroll of random uselessness {unknown}
 n - a scroll of magic mapping {unknown}
 o - 2 scrolls of remove curse {unknown}
 r - 2 scrolls of fear {unknown}
 t - 2 scrolls of fog {unknown}
 v - a scroll of enchant armour {unknown}
Potions
 f - 2 potions of might
 g - a potion of lignification {unknown}
 i - a potion of mutation {unknown}
 j - a potion of brilliance {unknown}
 l - a potion of curing {unknown}
 m - a potion of resistance {unknown}
 q - a potion of invisibility {unknown}
 w - a potion of agility {unknown}
Comestibles
 c - 6 rations
 p - 6 chunks of flesh


   Skills:
 + Level 3.0 Dodging
 + Level 3.1 Stealth
 + Level 4.7 Spellcasting
 + Level 2.4 Conjurations
 + Level 4.8 Fire Magic


You had 7 spell levels left.
You knew the following spells:

 Your Spells              Type           Power        Failure   Level  Hunger
a - Flame Tongue          Conj/Fire      ###..        2%          1    None
b - Throw Flame           Conj/Fire      ###...       3%          2    #......
c - Conjure Flame         Conj/Fire      ###.....     8%          3    ##.....

Your spell library contained the following spells:

 Spells                   Type           Power        Failure   Level  Hunger
 Inner Flame              Hex/Fire       ###.....     12%         3    ##.....
 Sticky Flame             Conj/Fire      ###.....     24%         4    ####...
 Fireball                 Conj/Fire      ###.......   56%         5    ######.


Dungeon Overview and Level Annotations

Branches:
Dungeon (3/15)

Altars:

Annotations:
D:3 Ijyb


Message History

Casting: Flame Tongue (safe; 2% risk of failure)
Confirm with . or Enter, or press ? or * to list all spells.
Aiming: Flame Tongue (safe; 2% risk of failure)
Press: ? - help, Shift-Dir - straight line, f/p - Ijyb
Aim: Ijyb, wearing a +0 leather armour and carrying a wand of acid (7) (moderately wounded)
The flame tongue misses Ijyb.
The bat hits you but does no damage.
Ijyb drinks a potion.
Ijyb seems to grow stronger.
The bat hits you but does no damage.
Casting: Flame Tongue (safe; 2% risk of failure)
Confirm with . or Enter, or press ? or * to list all spells.
Aiming: Flame Tongue (safe; 2% risk of failure)
Press: ? - help, Shift-Dir - straight line, f/p - Ijyb
Aim: Ijyb, wearing a +0 leather armour and carrying a wand of acid (7) (moderately wounded, unusually strong)
The flame tongue hits Ijyb but does no damage.
Ijyb is moderately wounded.
The bat hits you but does no damage.
Ijyb zaps a wand.
The bolt of acid hits you. You resist.
* * * LOW HITPOINT WARNING * * *
You are splashed with acid!
You resist.
You die...

############# ##
########.......##... ..
#..(...#†#####.##.#.
##.#......#.#####.#....
.....................))
#..b...#.###.....†..
#.g@...#.# #.#.#####
##.......# #.#.#..
#.####### #.#.#.# #.
..####.#.#.# ..
............# ###
#.#########..#
.............##
..##########..##
....)......


You could see Ijyb and a bat.

Vanquished Creatures
  An orc priest (D:3)
  Jessica (D:2)
  A gnoll (D:2)
  6 adders
  A worm (D:2)
  A dart slug (D:2)
  2 leopard geckos
  4 orcs (D:3)
  A giant cockroach (D:3)
  7 goblins
  5 hobgoblins
  A jackal (D:2)
  A ball python (D:2)
  10 bats
  5 frilled lizards
  5 kobolds
  7 rats
59 creatures vanquished.

Notes
Turn   | Place    | Note
-------+----------+-------------------------------------------
     0 | D:1      | nikopol the Deep Elf Fire Elementalist began the quest for
                  | the Orb.
     0 | D:1      | Reached XP level 1. HP: 10/10 MP: 6/6
   162 | D:1      | Reached XP level 2. HP: 15/15 MP: 6/8
   739 | D:2      | Reached XP level 3. HP: 19/19 MP: 7/10
   858 | D:2      | Learned a level 2 spell: Throw Flame
   862 | D:2      | Learned a level 3 spell: Conjure Flame
   932 | D:2      | Noticed Jessica
  1039 | D:2      | Killed Jessica
  1039 | D:2      | Reached XP level 4. HP: 20/24 MP: 6/12
  1966 | D:3      | Reached XP level 5. HP: 28/28 MP: 10/13
  2066 | D:3      | Noticed Ijyb
  2073 | D:3      | Splashed by Ijyb's acid

Levels and vault maps discovered:
D:1:      minmay_arrival_shoal_huts, layout_basic
D:2:      minmay_chambers_of_ones, layout_basic, kennysheep_potato, uniq_jessica
D:3:      layout_basic, uniq_ijyb

Skill      XL: |  1  2  3  4  5 |
---------------+----------------+-----
Fire Magic     | 4 |  4.8
Dodging        | 3 |  3.0
Spellcasting   | 4 |  4.7
Conjurations   | 2 |  2.4
Stealth        | 3 |  3.1

Action                   |  1- 3 |  4- 6 || total
-------------------------+-------+-------++-------
Melee: Dagger            |     4 |     1 ||     5
 Cast: Flame Tongue      |    46 |    67 ||   113
       Throw Flame       |     2 |     1 ||     3
  Eat: Chunk             |       |     3 ||     3
Armor: Robe              |     2 |    13 ||    15
Dodge: Dodged            |     9 |    19 ||    28

Table legend:
 A = Non-vault XP
 B = Vault XP
 C = Vault XP percentage of total XP
 D = Non-vault monster count
 E = Vault monster count
 F = Vault count percentage of total count
                 A         B        C        D         E       F
            +---------+---------+-------+---------+---------+-------
      Total |     204 |      57 |  21.8 |      53 |       6 |  10.2
            +---------+---------+-------+---------+---------+-------
        D:1 |      22 |       0 |   0.0 |      15 |       0 |   0.0
        D:2 |      64 |      57 |  47.1 |      16 |       6 |  27.3
        D:3 |     118 |       0 |   0.0 |      22 |       0 |   0.0
            +---------+---------+-------+---------+---------+-------
